 Dungeon Crawl Stone Soup version 0.22-a0-833-g8522bf8 (webtiles) character file.

43126 Azzok the Earth Mage (level 14, -8/90 HPs)
             Began as a Gargoyle Earth Elementalist on July 25, 2018.
             Was a High Priest of Vehumet.
             Mangled by a freezing wraith (15 damage)
             ... in an ice cave.
             The game lasted 00:45:56 (24229 turns).

Azzok the Earth Mage (Gargoyle Earth Elementalist) Turns: 24229, Time: 00:45:56

Health: -8/90      AC: 16    Str: 12    XL:     14   Next: 22%
Magic:  15/38      EV: 12    Int: 21    God:    Vehumet [*****.]
Gold:   1334       SH:  6    Dex: 10    Spells: 19/35 levels left

rFire    + . .     SeeInvis .   P - +6 scimitar (flame)
rCold    . . .     Gourm    .   O - +2 buckler
rNeg     + . .     Faith    .   C - +0 robe {Archmagi}
rPois    ∞         Spirit   .   k - +2 hat
rElec    +         Reflect  .   r - +0 cloak
rCorr    .         Harm     .   (no gloves)
MR       +....                  M - +0 pair of boots
Stlth    ++........             (no amulet)
HPRegen  0.25/turn              c - ring of magical power
MPRegen  0.26/turn              q - ring of protection from fire

@: slowed, very slow
A: big wings, negative energy resistance 1, electricity resistance, unbreathing,
petrification resistance, rot immunity, AC +10
a: Fly, Renounce Religion


You were in an ice cave.
You worshipped Vehumet.
Vehumet was extremely pleased with you.
You were not hungry.

You visited 3 branches of the dungeon, and saw 18 of its levels.
You also visited: Ossuary and Ice Cave.

You collected 1422 gold pieces.
You spent 88 gold pieces at shops.

Inventory:

Hand Weapons
 P - a +6 scimitar of flaming (weapon)
 Q - the +8 rapier of Absolution {speed, MR+++ Dex-3 Stlth+}
   (You found it on level 5 of the Lair of Beasts)

   Attacks with this weapon are significantly faster.
   It affects your dexterity (-3).
   It affects your resistance to hostile enchantments.
   It makes you more stealthy.
Missiles
 b - 512 stones (quivered)
Armour
 k - a +2 hat (worn)
 r - a +0 cloak (worn)
 C - a +0 robe of the Archmagi (worn)
 M - a +0 pair of boots (worn)
 O - a +2 buckler (worn)
Jewellery
 c - a ring of magical power (left hand)
 q - a ring of protection from fire (right hand)
 u - a +6 ring of protection
Wands
 l - a wand of flame (22)
 y - a wand of enslavement (47)
 A - a wand of clouds (5)
 B - a wand of random effects (32)
 J - a wand of iceblast (10)
 N - a wand of acid (32)
Scrolls
 g - 13 scrolls of remove curse
 i - 2 scrolls of summoning
 j - a scroll of identify
 n - 6 scrolls of blinking
 o - a scroll of enchant armour
 p - a scroll of torment {unknown}
 s - 2 scrolls of fog
 t - 2 scrolls of fear
 v - 6 scrolls of magic mapping
 z - 4 scrolls of holy word
 D - a scroll of brand weapon
 F - 6 scrolls of teleportation {unknown}
 K - 2 scrolls of immolation {unknown}
 L - 2 scrolls of amnesia {unknown}
Potions
 a - 2 potions of brilliance {unknown}
 e - a potion of invisibility {unknown}
 f - 4 potions of heal wounds
 h - 3 potions of agility {unknown}
 m - a potion of lignification {unknown}
 w - 3 potions of might {unknown}
 x - 6 potions of curing
 E - 4 potions of resistance {unknown}
 G - 2 potions of haste
 H - 4 potions of flight {unknown}
 I - 2 potions of ambrosia {unknown}
Comestibles
 d - 26 rations


   Skills:
 + Level 11.6 Fighting
 - Level 1.5 Dodging
 - Level 2.1 Stealth
 - Level 4.6 Shields
 + Level 11.0 Spellcasting
 + Level 13.4 Conjurations
 - Level 0.7 Transmutations
 + Level 15.1 Earth Magic


You had 19 spell levels left.
You knew the following spells:

 Your Spells              Type           Power        Failure   Level  Hunger
a - Sandblast             Erth           ######       0%          1    None
b - Stone Arrow           Conj/Erth      ######       1%          3    None
c - Lee's Rapid Deconstr  Erth           #######...   1%          5    ####...
d - Passwall              Tmut/Erth      ######..     1%          2    None
e - Bolt of Draining      Conj/Necr      ######....   3%          5    ####...

Your spell library contained the following spells:

 Spells                   Type           Power        Failure   Level  Hunger
 Fireball                 Conj/Fire      ######....   3%          5    ####...
 Conjure Flame            Conj/Fire      ######..     1%          3    None
 Lightning Bolt           Conj/Air       ######....   3%          5    ####...
 Confuse                  Hex            ###.....     17%         3    None
 Throw Flame              Conj/Fire      ######       1%          2    None
 Summon Small Mammal      Summ           ###.         6%          1    None
 Sticky Flame             Conj/Fire      ######..     1%          4    #......
 Summon Ice Beast         Ice/Summ       ###.....     50%         4    #......
 Call Imp                 Summ           ###.....     9%          2    None
 Shock                    Conj/Air       ####         1%          1    None
 Swiftness                Chrm/Air       ###.....     9%          2    None
 Airstrike                Air            ###.......   16%         4    #......
 Confusing Touch          Hex            ###...       6%          1    None
 Flame Tongue             Conj/Fire      #####        1%          1    None
 Call Canine Familiar     Summ           ###.....     17%         3    None
 Metabolic Englaciation   Hex/Ice        ###.......   85%         5    ####...
 Static Discharge         Conj/Air       ######..     1%          3    None
 Petrify                  Tmut/Erth      ######..     2%          4    #......
 Inner Flame              Hex/Fire       ###.....     4%          3    None
 Summon Lightning Spire   Summ/Air       ###.....     50%         4    #......
 Summon Guardian Golem    Hex/Summ       ###.....     17%         3    None
 Gell's Gravitas          Tloc           ###.......   17%         3    None
 Yara's Violent Unravell  Hex/Tmut       ###.......   32%         5    ####...


Dungeon Overview and Level Annotations

Branches:
Dungeon (11/15)            Temple (1/1) D:4            Lair (6/6) D:11
 Shoals (0/4) Lair:4        Snake (0/4) Lair:4        Slime (0/5) Lair:6
    Orc (0/2) D:10

Altars:
Ashenzari
Cheibriados
Dithmenos
Elyvilon
Fedhas
Gozag
Hepliaklqana
Kikubaaqudgha
Makhleb
Nemelex Xobeh
Okawaru
Qazlal
Ru
Sif Muna
Trog
Uskayaw
Vehumet
Wu Jian
Xom
Yredelemnul
Zin
The Shining One

Shops:
D:5 !

Annotations:
Lair:3 KristoblXynda's ghost, journeyman OgBe


Innate Abilities, Weirdness & Mutations

You are resistant to torment.
Your stone body is resilient. (AC +10)
You are immune to poison.
Your large and strong wings let you fly indefinitely.
You resist negative energy. (rN+)
You are resistant to electric shocks. (rElec)
You can survive without breathing.
You are immune to petrification.
You are immune to rotting.


Message History

The freezing wraith is severely damaged.
The freezing wraith hits you but does no damage.
The freezing wraith hits you!
* * * LOW HITPOINT WARNING * * *
The freezing wraith drains your vigour!
You feel yourself slow down.
Casting: Stone Arrow (safe; 1% risk of failure)
Confirm with . or Enter, or press ? or * to list all spells.
Aiming: Stone Arrow (safe; 1% risk of failure)
Press: ? - help, Shift-Dir - straight line, f/p - freezing wraith
Aim: a freezing wraith (severely damaged)
You feel a surge of power!
The stone arrow hits the freezing wraith.
The freezing wraith is almost destroyed.
You block the freezing wraith's attack. x2
The freezing wraith closely misses you.
The freezing wraith hits you but does no damage.
The freezing wraith hits you!
* * * LOW HITPOINT WARNING * * *
The freezing wraith freezes you!
You die...

▒▒▒···▒▒▒
▒▒······
▒▒▒·W·▒▒▒
▒▒·······
▒▒··W▒▒▒
▒▒▒▒········
▒···▒▒
▒▒···········
▒··▒▒▒
▒▒····▒▒▒·····
▒····▒▒
▒···▒▒▒ ▒▒▒···
▒▒····▒▒ ▒··▒▒
▒▒▒▒
▒▒▒·W·▒▒▒···▒
▒▒W@·▒▒▒··▒▒
▒▒···▒▒▒··▒▒
▒▒···▒▒▒··▒▒
▒▒▒·······▒
▒▒▒····▒▒
▒▒▒▒▒▒


You could see 2 freezing wraiths.

Vanquished Creatures
  4 hydras
  Harold (Lair:2)
  Erica (D:8)
  5 death yaks
  3 two-headed ogres
  Nergalle (Lair:2)
  4 oklob plants (Lair:5)
  6 elephants (Lair:5)
  Joseph (D:8)
  An ice statue (D:9)
  A centaur zombie (D:10)
  5 black mambas
  2 molten gargoyles (Lair:5)
  A guardian serpent (Lair:4)
  10 spiny frogs
  3 rime drakes
  5 freezing wraiths (IceCv)
  5 komodo dragons
  A troll (D:11)
  A polar bear (Lair:6)
  A wolf spider simulacrum (IceCv)
  11 blink frogs
  A hornet (D:10)
  2 hippogriffs
  37 yaks
  A wraith (D:10)
  2 basilisks
  4 wyverns
  2 hungry ghosts (D:11)
  Grum (D:8)
  8 water moccasins
  10 porcupines
  4 black bears
  6 orc warriors
  3 phantoms
  8 ice beasts
  4 sky beasts
  4 ogres
  10 wolves
  5 centaurs
  15 crocodiles
  2 big kobolds
  An elf zombie (Ossuary)
  12 bullfrogs
  A wyvern zombie (D:10)
  A scorpion (D:11)
  A water moccasin zombie (D:9)
  2 elephant simulacra (IceCv)
  8 wights
  5 electric eels
  5 howler monkeys
  4 crimson imps
  A bullfrog zombie (D:9)
  5 lava snakes (Lair:5)
  6 jellies
  3 orc priests
  5 hounds
  4 orc wizards
  A centaur skeleton (D:4)
  2 iguanas
  5 worker ants
  13 hell rats
  A polar bear simulacrum (IceCv)
  6 hound zombies
  4 mummies (Ossuary)
  A worker ant zombie (D:5)
  4 adders
  2 shadow imps
  17 white imps
  6 oozes
  An adder zombie (Ossuary)
  2 adder skeletons
  A worm (D:5)
  2 dart slugs
  2 leopard geckos (D:1)
  50 orcs
  5 giant cockroaches
  A gnoll zombie (Ossuary)
  4 goblins
  3 hobgoblins
  10 jackals
  6 quokkas
  3 ball pythons
  4 bats
  3 frilled lizards
  A hobgoblin zombie (Ossuary)
  A jackal skeleton (D:4)
  2 jackal zombies (Ossuary)
  11 kobolds
  A kobold zombie (Ossuary)
  A leopard gecko skeleton (D:5)
  A quokka zombie (D:5)
  9 rats
  3 rat zombies
  A plant (Lair:5)
456 creatures vanquished.

Vanquished Creatures (others)
  5 dream sheep (D:3)
  22 fungi
  5 plants
32 creatures vanquished.

Grand Total: 488 creatures vanquished

Notes
Turn   | Place    | Note
-------+----------+-------------------------------------------
     0 | D:1      | Azzok the Gargoyle Earth Elementalist began the quest for the Orb.
     0 | D:1      | Reached XP level 1. HP: 10/10 MP: 3/3
   153 | D:1      | Reached skill level 4 in Earth Magic
   229 | D:1      | Reached XP level 2. HP: 15/15 MP: 5/5
  1156 | D:1      | Reached XP level 3. HP: 11/19 MP: 6/6
  1160 | D:1      | Reached skill level 5 in Earth Magic
  1295 | D:1      | Learned a level 3 spell: Stone Arrow
  1542 | D:2      | Found a faded altar of an unknown god.
  1713 | D:2      | Reached skill level 1 in Conjurations
  1775 | D:2      | Found a sparkling altar of Nemelex Xobeh.
  2040 | D:3      | Found a shimmering altar of Xom.
  2040 | D:3      | Noticed a dream sheep
  2040 | D:3      | Noticed a dream sheep
  2040 | D:3      | Noticed a dream sheep
  2040 | D:3      | Noticed a dream sheep
  2040 | D:3      | Noticed a dream sheep
  2045 | D:3      | Killed a dream sheep
  2045 | D:3      | Killed a dream sheep
  2046 | D:3      | Killed a dream sheep
  2046 | D:3      | Killed a dream sheep
  2046 | D:3      | Killed a dream sheep
  2198 | D:3      | Reached XP level 4. HP: 20/24 MP: 7/7
  2272 | D:3      | Found a blossoming altar of Fedhas.
  2693 | D:3      | Found a shattered altar of Ashenzari.
  2693 | D:3      | Found a sacrificial altar of Ru.
  2881 | D:4      | Noticed an ogre
  2885 | D:4      | Killed an ogre
  2885 | D:4      | Reached skill level 6 in Earth Magic
  2885 | D:4      | Reached XP level 5. HP: 28/28 MP: 0/8
  3033 | D:4      | Found a sacrificial altar of Ru.
  3079 | D:4      | Found a staircase to the Ecumenical Temple.
  3350 | D:4      | Noticed a big kobold
  3374 | D:4      | Killed a big kobold
  3374 | D:4      | Reached XP level 6. HP: 29/32 MP: 9/9
  3393 | D:4      | Learned a level 2 spell: Passwall
  3524 | D:4      | Found a snail-covered altar of Cheibriados.
  3709 | D:5      | Entered Level 5 of the Dungeon
  3744 | D:5      | Reached skill level 7 in Earth Magic
  4021 | D:5      | Reached XP level 7. HP: 34/36 MP: 0/10
  4177 | D:5      | Reached skill level 5 in Conjurations
  4334 | D:5      | Noticed a moth of wrath
  4469 | D:5      | Found a bloodstained altar of Trog.
  4639 | D:5      | Found a glowing silver altar of Zin.
  4640 | D:5      | Found Mesy's Distillery.
  4792 | D:5      | Bought a potion of curing for 33 gold pieces
  4792 | D:5      | Bought a potion of heal wounds for 55 gold pieces
  4842 | D:5      | Found a glowing golden altar of the Shining One.
  4842 | D:5      | Found an iron altar of Okawaru.
  4842 | D:5      | Found a basalt altar of Yredelemnul.
  5139 | Temple   | Entered the Ecumenical Temple
  5183 | Temple   | Became a worshipper of Vehumet
  5308 | D:6      | Reached skill level 8 in Earth Magic
  5449 | D:6      | Reached skill level 1 in Shields
  5668 | D:6      | Reached XP level 8. HP: 41/41 MP: 12/12
  6283 | D:7      | Learned a level 5 spell: Lee's Rapid Deconstruction
  6469 | D:7      | Found a sand-covered staircase.
  6480 | Ossuary  | Entered an ossuary
  6527 | Ossuary  | Reached * piety under Vehumet
  6527 | Ossuary  | Offered knowledge of Sting by Vehumet.
  6685 | Ossuary  | Reached skill level 9 in Earth Magic
  6931 | D:7      | Found a hazy altar of Hepliaklqana.
  7496 | D:8      | Noticed Joseph
  7504 | D:8      | Killed Joseph
  7504 | D:8      | Reached XP level 9. HP: 31/45 MP: 4/15
  7850 | D:8      | Found an opulent altar of Gozag.
  7850 | D:8      | Noticed a centaur warrior
  7851 | D:8      | Found a transporter.
  7851 | D:8      | Noticed a hornet
  8057 | D:8      | Reached skill level 1 in Fighting
  8128 | D:8      | Reached skill level 5 in Spellcasting
  8137 | D:8      | Noticed Grum
  8309 | D:8      | Reached skill level 10 in Earth Magic
  8498 | D:8      | Killed Grum
  8542 | D:8      | Noticed Erica
  8552 | D:8      | Killed Erica
  8552 | D:8      | Reached XP level 10. HP: 45/56 MP: 8/18
  8710 | D:8      | Offered knowledge of Throw Frost by Vehumet.
  8713 | D:8      | Reached ** piety under Vehumet
  9000 | D:8      | Found a transporter.
  9447 | D:9      | Noticed a two-headed ogre
  9452 | D:9      | Killed a two-headed ogre
  9631 | D:9      | Noticed a two-headed ogre
  9637 | D:9      | Killed a two-headed ogre
  9637 | D:9      | Reached skill level 5 in Fighting
  9637 | D:9      | Reached skill level 11 in Earth Magic
  9719 | D:9      | Noticed an ice statue
  9722 | D:9      | Killed an ice statue
 10400 | D:10     | Entered Level 10 of the Dungeon
 10525 | D:10     | Offered knowledge of Searing Ray by Vehumet.
 10897 | D:10     | Reached XP level 11. HP: 64/64 MP: 21/21
 11215 | D:10     | Reached *** piety under Vehumet
 11481 | D:10     | Reached skill level 10 in Conjurations
 11688 | D:10     | Offered knowledge of Ignite Poison by Vehumet.
 11733 | D:10     | Found a staircase to the Orcish Mines.
 12306 | D:11     | Reached skill level 12 in Earth Magic
 12509 | D:11     | Reached **** piety under Vehumet
 12634 | D:11     | Found a staircase to the Lair.
 12714 | D:11     | Offered knowledge of Bolt of Draining by Vehumet.
 12837 | D:11     | Learned a level 5 spell: Bolt of Draining
 13018 | D:11     | Noticed a two-headed ogre
 13032 | D:11     | Killed a two-headed ogre
 13459 | Lair:1   | Entered Level 1 of the Lair of Beasts
 13827 | D:11     | Reached XP level 12. HP: 64/73 MP: 23/24
 14442 | Lair:1   | Reached ***** piety under Vehumet
 14448 | Lair:1   | Offered knowledge of Fulminant Prism by Vehumet.
 15005 | Lair:2   | Reached skill level 13 in Earth Magic
 15137 | Lair:2   | Noticed Nergalle
 15150 | Lair:2   | Killed Nergalle
 15634 | Lair:2   | Noticed Harold
 15639 | Lair:2   | Killed Harold
 16566 | Lair:3   | Noticed a seven-headed hydra
 16727 | Lair:3   | Found a runed door.
 16746 | Lair:3   | Noticed KristoblXynda's ghost (journeyman OgBe)
 16765 | Lair:3   | Killed a seven-headed hydra
 18118 | Lair:4   | Noticed a six-headed hydra
 18124 | Lair:4   | Killed a six-headed hydra
 18124 | Lair:4   | Reached XP level 13. HP: 82/82 MP: 22/26
 18184 | Lair:4   | Found a staircase to the Snake Pit.
 18426 | Lair:4   | Reached skill level 10 in Fighting
 18563 | Lair:4   | Reached skill level 14 in Earth Magic
 19177 | Lair:4   | Found a staircase to the Shoals.
 19483 | Lair:4   | Reached skill level 10 in Spellcasting
 21364 | Lair:5   | Got an ivory rapier
 21399 | Lair:5   | Identified the +8 rapier of Absolution {speed, MR+++ Dex-3 Stlth+} (You found it on level 5 of the Lair of Beasts)
 22884 | Lair:6   | Entered Level 6 of the Lair of Beasts
 22891 | Lair:6   | Gained mutation: Your large and strong wings let you fly indefinitely. [Gargoyle growth]
 22891 | Lair:6   | Reached XP level 14. HP: 83/90 MP: 21/28
 22918 | Lair:6   | Found a runed gate.
 22918 | Lair:6   | Found a runed gate.
 22918 | Lair:6   | Found a runed gate.
 23101 | Lair:6   | Reached skill level 15 in Earth Magic
 23396 | Lair:6   | Found a frozen archway.
 23514 | IceCv    | Entered an ice cave
 24229 | IceCv    | Mangled by a freezing wraith

Vault maps used:
D:1:      kennysheep_arrival_forest
D:2:      nemelex_altar_shiori, chequers_ecumenical_altar_simple_redux
D:3:      nicolae_overflow_crystal_walls, gammafunk_temple_overflow_wave,
          kb_xom_exploding_sheep
D:4:      lemuel_doored_altar, minmay_temple_entry_from_below_a, first_ration,
          nicolae_ru_sacrificial_ziggurat
D:5:      lemuel_round_altar, gammafunk_temple_overflow_forgotten, tgw_trog,
          serial_shops, shop_statue
D:7:      lemuel_coloured_pillars_altar, enter_ossuary_4, kennysheep_cross_room
D:8:      gammafunk_temple_overflow_arena, hangedman_little_slice_of_home,
          minmay_misc_feat_enclosed, hex_tiny, nicolae_two_hexagons,
          grunt_decor_mini_mirrors, uniq_grum, uniq_joseph, uniq_erica
D:9:      lemuel_ice_statue, library_closet
D:10:     hiddenorc1_lemuel, serial_bayou, serial_bayou_ford_a,
          serial_bayou_pond_b, serial_bayou_lake_a, serial_bayou_pond_c
D:11:     due_lair_maze_entry_diamond
Temple:   eino_wide_crystal_templ
Lair:2:   serial_forest, infiniplex_forest_end_double,
          infiniplex_forest_lined_3, infiniplex_forest_straight_5,
          infiniplex_forest_clump_small, infiniplex_forest_end_2,
          infiniplex_forest_end_double, infiniplex_forest_fountain,
          infiniplex_forest_clump_double, infiniplex_forest_side_room,
          minivault_27, lemuel_fruit_fields, uniq_harold, uniq_nergalle
Lair:3:   gammafunk_ghost_grave
Lair:4:   elwin_shoals_entry_rocks, minmay_snake_entry_spellcaster,
          grunt_megastairs_2, infiniplex_staircase_pool
Lair:5:   cheibrodos_magma_flow, beast_lair_carwin_8, grunt_megastairs_5,
          minmay_lair_oklob_chamber, serial_bayou_shore_b,
          infiniplex_staircase_pool_2
Lair:6:   hangedman_lair_in_review, dpeg_slime_entry_enclosed_altar,
          portal_ice_cave_entry_imps, ebering_ghost_rock_garden,
          small_statue_intersection, lemuel_fruit_tree
Ossuary:  ossuary_minmay_tomb_2a
IceCv:    ice_cave_small_necro

Skill      XL: |  1  2  3  4  5  6  7  8  9 10 11 12 13 14 |
---------------+-------------------------------------------+-----
Earth Magic    | 4 5 6 7 8 9 10 11 12 13 14 15 | 15.1
Conjurations   | 1 3 4 5 7 8 9 10 12 13 | 13.4
Shields        | 1 4 |  4.6
Spellcasting   | 4 5 7 8 9 10 11 | 11.0
Fighting       | 3 5 8 9 11 | 11.6
Dodging        | |  1.5
Stealth        | |  2.1
Transmutations | |  0.7

Action                   |  1- 3 |  4- 6 |  7- 9 | 10-12 | 13-15 || total
-------------------------+-------+-------+-------+-------+-------++-------
Melee: Club              |    94 |       |       |       |       ||    94
       Whip              |    40 |   113 |    92 |       |       ||   245
       Scimitar          |       |       |       |   133 |    30 ||   163
 Cast: Sandblast         |     9 |     2 |    28 |    16 |     5 ||    60
       Stone Arrow       |     6 |     8 |   109 |   297 |   303 ||   723
       Lee's Rapid Decon |       |       |       |     6 |     8 ||    14
       Bolt of Draining  |       |       |       |    12 |    19 ||    31
Evoke: Wand              |       |       |       |     2 |       ||     2
  Use: Scroll            |       |       |     2 |    13 |     2 ||    17
       Potion            |       |       |     1 |       |     1 ||     2
 Stab: Sleeping          |     4 |     2 |       |       |       ||     6
  Eat: Chunk             |     5 |     6 |    18 |    34 |    17 ||    80
       Ration            |       |       |     2 |       |     2 ||     4
Armor: Robe              |    56 |    40 |   119 |   119 |    88 ||   422
Dodge: Dodged            |   109 |    82 |   159 |   157 |    83 ||   590
Block: Buckler           |       |       |     9 |    47 |    34 ||    90
       Rpst.: Scimitar   |       |       |       |    47 |    19 ||    66

Table legend:
 A = Spawn XP
 B = Non-spawn XP
 C = Spawn XP percentage of total XP
 D = Spawn monster count
 E = Non-spawn monster count
 F = Spawn count percentage of total count
 G = Total turns spent on level
                    A         B        C        D         E        F      G
               +---------+---------+-------+---------+---------+-------+---------
         Total |       0 |   61609 |   0.0 |       0 |     455 |   0.0 | 24229
               +---------+---------+-------+---------+---------+-------+---------
           D:1 |       0 |      34 |   0.0 |       0 |      19 |   0.0 |  1346
           D:2 |       0 |      31 |   0.0 |       0 |      15 |   0.0 |   608
           D:3 |       0 |      43 |   0.0 |       0 |      16 |   0.0 |   867
           D:4 |       0 |     282 |   0.0 |       0 |      10 |   0.0 |   909
           D:5 |       0 |     545 |   0.0 |       0 |      24 |   0.0 |  1471
           D:6 |       0 |     622 |   0.0 |       0 |      15 |   0.0 |  1036
           D:7 |       0 |     624 |   0.0 |       0 |      14 |   0.0 |  1194
           D:8 |       0 |    2895 |   0.0 |       0 |      31 |   0.0 |  1439
           D:9 |       0 |    2932 |   0.0 |       0 |      18 |   0.0 |  1110
          D:10 |       0 |    4315 |   0.0 |       0 |      59 |   0.0 |  1849
          D:11 |       0 |    5512 |   0.0 |       0 |      37 |   0.0 |  1500
        Lair:1 |       0 |    3006 |   0.0 |       0 |      16 |   0.0 |  1246
        Lair:2 |       0 |    4940 |   0.0 |       0 |      19 |   0.0 |  1472
        Lair:3 |       0 |    6533 |   0.0 |       0 |      20 |   0.0 |  1560
        Lair:4 |       0 |    8694 |   0.0 |       0 |      31 |   0.0 |  2006
        Lair:5 |       0 |   12404 |   0.0 |       0 |      46 |   0.0 |  3055
        Lair:6 |       0 |    4922 |   0.0 |       0 |      29 |   0.0 |   426
       Ossuary |       0 |     266 |   0.0 |       0 |      16 |   0.0 |   368
         IceCv |       0 |    3009 |   0.0 |       0 |      20 |   0.0 |   715
               +---------+---------+-------+---------+---------+-------+---------
